 Dungeon Crawl Stone Soup version 0.25-a0-265-g7af84ae0ac (webtiles) character file.

Game seed: 1862076416645250102, levelgen mode: deterministic

53 Redear the Shield-Bearer (level 3, 0/26 HPs)
             Began as an Octopode Fighter on Dec 8, 2019.
             Slain by a gnoll
             ... wielding a +0 spear
              (4 damage)
             ... on level 2 of the Dungeon.
             The game lasted 00:01:45 (1207 turns).

Redear the Shield-Bearer (Octopode Fighter)         Turns: 1207, Time: 00:01:45

Health: 0/26       AC:  1    Str: 15    XL:     3   Next: 89%
Magic:  3/3        EV: 12    Int: 10    God:
Gold:   55         SH:  9    Dex: 12    Spells: 2/2 levels left

rFire    . . .     SeeInvis .   a - +0 long sword
rCold    . . .     Gourm    .   b - +0 shield
rNeg     . . .     Faith    .   (helmet restricted)
rPois    .         Spirit   .   (no amulet)
rElec    .         Reflect  .   (no ring)
rCorr    .         Harm     .   (no ring)
MR       .....                  (no ring)
Stlth    +++.......             (no ring)
HPRegen  0.08/turn              (no ring)
MPRegen  0.08/turn              (no ring)
                                (no ring)
                                (no ring)

@: no status effects
A: almost no armour, stealthy swim, amphibious, 8 rings, constrict 8, camouflage
1, gelatinous body 1
a: no special abilities


You were on level 2 of the Dungeon.
You were hungry.

You visited 1 branch of the dungeon, and saw 2 of its levels.

You collected 55 gold pieces.

Inventory:

Hand Weapons
 a - a +0 long sword (weapon)
Armour
 b - a +0 shield (worn)
Jewellery
 i - a +2 ring of evasion {unknown}
 j - an uncursed ring of magical power {unknown}
 o - a cursed -6 ring of evasion {unknown}
Scrolls
 e - a scroll of magic mapping {unknown}
 g - a scroll of remove curse {unknown}
 h - a scroll of blinking {unknown}
 k - a scroll of noise {unknown}
 l - a scroll of fear {unknown}
 m - a scroll of enchant weapon {unknown}
 n - a scroll of identify {unknown}
 q - a scroll of immolation {unknown}
Potions
 c - a potion of might {Str+5 DMG+1d10 | @q3}
 d - a potion of resistance {unknown}
 f - 2 potions of mutation {unknown}
 p - a potion of degeneration {unknown}
Comestibles
 z - 2 rations


   Skills:
 + Level 3.4 Fighting
 - Level 2.0 Long Blades
 + Level 3.4 Dodging
 + Level 2.2 Stealth
 + Level 3.5 Shields


You had 2 spell levels left.
You didn't know any spells.
Your spell library was empty.

Dungeon Overview and Level Annotations

Branches:
Dungeon (2/15)

Altars:


Innate Abilities, Weirdness & Mutations

You cannot wear most types of armour.
You are very stealthy in the water. (Stealth+)
You are amphibious.
You can wear up to eight rings at the same time.
You can use your tentacles to constrict eight enemies at once.
Your skin changes colour to match your surroundings (Stealth+).
Your rubbery body absorbs attacks. (AC +1, EV +1)


Message History

You start resting.
HP restored.
Health restored: 26 You climb downwards.
The gnoll misses you. The gnoll closely misses you.
There is a stone staircase leading up here.
You block the goblin's attack. The gnoll hits you with a +0 spear!
You take 9 damage, and have 17/26 hp.
MASSIVE DAMAGE!!
You closely miss the gnoll. Your grab misses the gnoll.
You block the goblin's attack. The gnoll hits you with a +0 spear!
The goblin hits you with a +0 dagger.
* * * LOW HITPOINT WARNING * * *
You take 13 damage, and have 4/26 hp.
MASSIVE DAMAGE!!
You are too injured to fight recklessly!
You are too injured to fight recklessly!
Unknown command.
Unknown command.
Unknown command.
Unknown command.
The gnoll hits you from afar with a +0 spear.
You die...

.. #### ...####..
........##### #
#..........# ..
..###..###.# #.
#..###.###.# #.#+##
#gg.g......#
#....####.####.#####
##.......@.# ##.# #
##.......######..# ##.#.
#.........####...#####(...g
+.........'.......†.)..g.w.
#.........###........#.###.
##.......## #.#.w###.#.#
##.....## #.##.# #.#g#
##...## #.##.###g#.. ##+##
#.##)g##w###


You could see a gnoll and a goblin.

Vanquished Creatures
  Robin (D:2)
  A gnoll (D:2)
  A worm (D:2)
  A dart slug (D:1)
  5 goblins (D:1)
  3 hobgoblins
  4 jackals (D:1)
  A bat (D:1)
  2 frilled lizards (D:1)
  4 kobolds (D:1)
  4 rats (D:1)
27 creatures vanquished.

Notes
Turn   | Place    | Note
-------+----------+-------------------------------------------
     0 | D:1      | Redear the Octopode Fighter began the quest for the Orb.
     0 | D:1      | Reached XP level 1. HP: 16/16 MP: 1/1
   235 | D:1      | Reached skill level 1 in Stealth
   235 | D:1      | Reached XP level 2. HP: 21/21 MP: 2/2
   547 | D:1      | Reached XP level 3. HP: 22/26 MP: 3/3
   832 | D:2      | Noticed Robin
   901 | D:2      | Killed Robin
   901 | D:2      | Reached skill level 2 in Stealth
  1207 | D:2      | Slain by a gnoll

Levels and vault maps discovered:
D:1:      elethiomel_arrival_infinity_welcomes_careful_drivers, layout_basic,
          minmay_tripent
D:2:      layout_loops_corners, uniq_terence, uniq_robin

Skill      XL: |  1  2  3 |
---------------+----------+-----
Stealth        | 1 2 |  2.2
Fighting       | |  3.4
Long Blades    | |  2.0
Dodging        | |  3.4
Shields        | |  3.5

Action                   || total
-------------------------++-------
Melee: Long sword        ||    46
       Constrict         ||    13
       Tentacles         ||     7
 Stab: Sleeping          ||     5
Armor: Skin              ||     5
Dodge: Dodged            ||    12
Block: Shield            ||    22
       Rpst.: Long sword ||     5

Table legend:
 A = Non-vault XP
 B = Vault XP
 C = Vault XP percentage of total XP
 D = Non-vault monster count
 E = Vault monster count
 F = Vault count percentage of total count
                 A         B        C        D         E       F
            +---------+---------+-------+---------+---------+-------
      Total |      54 |      23 |  29.9 |      22 |       5 |  18.5
            +---------+---------+-------+---------+---------+-------
        D:1 |      35 |       5 |  12.5 |      20 |       3 |  13.0
        D:2 |      19 |      18 |  48.6 |       2 |       2 |  50.0
            +---------+---------+-------+---------+---------+-------
